 Dungeon Sprint DCSS version 0.30-a0-1160-g6e42c06551 (webtiles) character file.

Game seed: 16114418266110865157

49 retardedninja the Firebug (level 3, -1/29 HPs)
             Began as a Gnoll Fire Elementalist on Apr 26, 2023.
             Was a Follower of Cheibriados.
             Slain by a polar bear (13 damage)
             ... in the Dungeon (Sprint V: "Ziggurat Sprint").
             The game lasted 00:02:38 (417 turns).

retardedninja the Firebug (Gnoll Fire Elementalist)  Turns: 417, Time: 00:02:39

Health: -1/29      AC:  5    Str:  9    XL:     3   Next: 75%
Magic:  1/10       EV: 14    Int: 30    God:    Cheibriados [*.....]
Gold:   0          SH:  0    Dex: 14    Spells: 10/13 levels left

rFire   + . .        s - +8 lance "Wyrmbane" {slay drac, rPois rF+ rC+ AC+3}
rCold   + . .        (no shield)
rNeg    . . .        a - +0 robe
rPois   +            (no helmet)
rElec   .            (no cloak)
rCorr   .            (no gloves)
SInv    .            (no boots)
Will    .....        (no amulet)
Stlth   +++          u - +6 ring of intelligence
HPRegen 0.24/turn    v - +6 ring of intelligence
MPRegen 0.12/turn

%: no teleportation
@: very slow
A: fangs 1, strong nose, distributed training
a: Renounce Religion, Bend Time


You were in the Dungeon.
You worshipped Cheibriados.
Cheibriados was aware of your devotion.
You visited 1 branch

Inventory:

Hand Weapons
 r - a +5 executioner's axe
 s - the +8 lance "Wyrmbane" (weapon) {slay drac, rPois rF+ rC+ AC+3}
   (You found it in the Dungeon)

   AC:        It affects your AC (+3).
   rF:        It protects you from fire.
   rC:        It protects you from cold.
   rPois:     It protects you from poison.
Armour
 a - a +0 robe (worn)
 t - +5 gold dragon scales
Jewellery
 u - a +6 ring of intelligence (left hand)
 v - a +6 ring of intelligence (right hand)
Wands
 k - a wand of mindburst (7)
 q - a wand of light (5)
 y - a wand of charming (13)
Scrolls
 g - 4 scrolls of blinking
 m - 4 scrolls of amnesia
 n - 7 scrolls of fog
 o - 5 scrolls of identify
 p - 2 scrolls of fear
Potions
 b - 8 potions of magic
 c - 10 potions of curing
 d - 9 potions of heal wounds
 e - 6 potions of haste
 f - 3 potions of berserk rage
 h - 2 potions of brilliance
 i - 2 potions of invisibility
 j - 4 potions of resistance
 l - 5 potions of might


   Skills:
 + Level 3.0 Fighting
 + Level 3.0 Short Blades
 + Level 3.0 Long Blades
 + Level 3.0 Axes
 + Level 3.0 Maces & Flails
 + Level 3.0 Polearms
 + Level 3.0 Staves
 + Level 3.0 Ranged Weapons
 + Level 3.0 Throwing
 + Level 3.0 Armour
 + Level 5.5 Dodging
 + Level 5.2 Stealth
 + Level 3.0 Shields
 + Level 3.0 Unarmed Combat
 + Level 5.9 Spellcasting
 + Level 3.3 Conjurations
 + Level 2.4 Hexes
 + Level 2.4 Summonings
 + Level 2.4 Necromancy
 + Level 2.4 Translocations
 + Level 2.4 Transmutations
 + Level 6.0 Fire Magic
 + Level 2.4 Ice Magic
 + Level 2.4 Air Magic
 + Level 2.4 Earth Magic
 + Level 2.4 Poison Magic
 + Level 3.3 Invocations
 + Level 3.0 Evocations


You had 10 spell levels left.
You knew the following spells:

 Your Spells              Type           Power      Damage    Failure   Level
a - Foxfire               Conj/Fire      100%       2x1d9     1%          1
b - Scorch                Fire           90%        2d9       1%          2

Your spell library contained the following spells:

 Spells                   Type           Power      Damage    Failure   Level
 Inner Flame              Hex/Fire       34%        N/A       2%          3
 Volatile Blastmotes      Fire/Tloc      68%        2d15      2%          3
 Flame Wave               Conj/Fire      37%        2d10      8%          4


Dungeon Overview and Level Annotations

Branches:
Dungeon (1/1)

Altars:
Ashenzari
Cheibriados
Dithmenos
Elyvilon
Fedhas
Gozag
Hepliaklqana
Kikubaaqudgha
Makhleb
Nemelex Xobeh
Okawaru
Qazlal
Ru
Sif Muna
Trog
Uskayaw
Vehumet
Wu Jian
Xom
Yredelemnul
Zin
The Shining One
Jiyva
Lugonu

Annotations:
D 1 transporter


Innate Abilities, Weirdness & Mutations

You have very sharp teeth.
Your uncanny sense of smell can sniff out nearby items.
Your experience applies equally to all skills.


Message History

The polar bear is severely wounded.
The polar bear bites you.
* * * LOW HITPOINT WARNING * * *
The polar bear closely misses you. The polar bear barely misses you.
You feel much better. The polar bear bites you. The polar bear misses you.
The polar bear completely misses you.
Casting: Scorch (safe; 1% risk of failure)
Confirm with . or Enter, or press ? or * to list all spells.
Flames lash the polar bear.
The polar bear is burned terribly!
The polar bear is severely wounded.
The polar bear closely misses you. x2; The polar bear claws you.
Unknown command.
Casting: Scorch (safe; 1% risk of failure)
Confirm with . or Enter, or press ? or * to list all spells.
Flames lash the polar bear but do no damage.
Casting: Scorch (safe; 1% risk of failure)
Confirm with . or Enter, or press ? or * to list all spells.
You don't have enough magic to cast this spell.
Unknown command.
You hit the polar bear.
The polar bear is severely wounded.
The polar bear bites you but does no damage.
The polar bear misses you. The polar bear barely misses you.
You hit the polar bear but do no damage.
Your punch misses the polar bear.
The polar bear is severely wounded.
The polar bear is no longer blind.
The polar bear goes berserk!
You closely miss the polar bear.
The polar bear is severely wounded.
The polar bear bites you! The polar bear closely misses you.
The polar bear barely misses you.
You hit the polar bear but do no damage.
The polar bear is severely wounded.
The polar bear barely misses you. The polar bear completely misses you.
The polar bear claws you.
You hit the polar bear.
The polar bear is almost dead.
The polar bear barely misses you. The polar bear misses you.
The polar bear barely misses you. The polar bear bites you!
You die...

▓▓▓▓▓▓▓▓▓▓▓▓▓
▓.8©8.▓.8©8.▓
∆∆∆
▓.[:|.▓.....▓
∆
▓.....▓.[.|.▓
▓.....▓.....▓
▓.h@..▓.....▓
▓.....▓..©..▓
▓..©..▓▓▓▓▓▓▓
▓▓▓▓▓▓▓ ∆∆∆
∆∆∆ ∆ ∆ ∆


You could see a polar bear (berserk, combustible).

Vanquished Creatures
  2 mummies (D)
  2 white imps (D)
4 creatures vanquished.

Notes
Turn   | Place    | Note
-------+----------+-------------------------------------------
     0 | D        | retardedninja the Gnoll Fire Elementalist began the quest
                  | for the Orb.
     0 | D        | Reached XP level 1. HP: 13/13 MP: 6/6
     2 | D        | Found a blossoming altar of Fedhas.
     2 | D        | Found the +6 Majin-Bo {spellvamp, MP+6 Int+6}
     2 | D        | Found the +27 heavy crossbow "Sniper" {heavy, Acc+∞ SInv}
     2 | D        | Found the +10 dark maul {heavy}
     2 | D        | Found the +15 Maxwell's patent armour {-Cast -Tele rElec
                  | Will+ rCorr}
     2 | D        | Found the +18 shield of the Gong {Loud rN+ Will+ rCorr
                  | EV-5}
     2 | D        | Found the +16 obsidian axe {drain, demonic, Mesm Drain Fly
                  | SInv}
     2 | D        | Found the +7 great mace "Firestarter" {flame, immolate,
                  | rFlCloud rF++}
     2 | D        | Found the +6 shillelagh "Devastator" {shatter}
     2 | D        | Found the +11 plutonium sword {Contam Stlth-}
     2 | D        | Found the +8 lance "Wyrmbane" {slay drac, rPois rF+ rC+
                  | AC+3}
     2 | D        | Found the +9 sword of Zonguldrok {reap}
     2 | D        | Found the +13 scythe of Curses {drain, curses, Drain}
     2 | D        | Found the +9 sword of Power {lifebolt}
     2 | D        | Found the +7 mace of Variability {chaos, chaos arc}
     2 | D        | Found the +11 Singing Sword {sonic wave}
     2 | D        | Found the +8 storm bow {elec, penet}
     5 | D        | Found a shimmering blue altar of Sif Muna.
     5 | D        | Found a sacrificial altar of Ru.
     5 | D        | Found a bloodstained altar of Trog.
     5 | D        | Found a stormy altar of Qazlal.
     5 | D        | Found an iron altar of Okawaru.
     5 | D        | Found a sparkling altar of Nemelex Xobeh.
     7 | D        | Found a transporter.
     7 | D        | Found an ancient bone altar of Kikubaaqudgha.
     7 | D        | Found a viscous altar of Jiyva.
     7 | D        | Found a corrupted altar of Lugonu.
     7 | D        | Found a hazy altar of Hepliaklqana.
     7 | D        | Found a burning altar of Makhleb.
     7 | D        | Found an opulent altar of Gozag.
     9 | D        | Reached skill level 5 in Dodging
     9 | D        | Reached skill level 5 in Spellcasting
     9 | D        | Reached XP level 2. HP: 23/23 MP: 6/8
    34 | D        | Became a worshipper of Cheibriados the Contemplative
   101 | D        | Learned a level 2 spell: Scorch
   149 | D        | Entered arena 2.
   149 | D        | Found a transporter.
   153 | D        | Reached skill level 5 in Stealth
   154 | D        | Reached skill level 6 in Fire Magic
   154 | D        | Reached XP level 3. HP: 28/28 MP: 0/10
   402 | D        | Entered arena 3.
   402 | D        | Noticed a polar bear
   402 | D        | Found a transporter.
   407 | D        | Reached * piety under Cheibriados
   409 | D        | HP: 1/29 [polar bear (4)]
   417 | D        | Slain by a polar bear

Illustrated notes

Levels and vault maps discovered:
D:        sprint_v [room_start, room_1, room_2, room_3, room_4, room_5, room_6,
          room_7, room_8, room_9, room_10, room_11, room_12, room_13, room_14,
          room_15, room_16, room_17, room_18, room_19, room_20, room_21,
          room_22, room_23, room_24, room_25, room_26, room_27]

Skill      XL: |  1  2  3 |
---------------+----------+-----
Fighting       | 2 3 |  3.0
Short Blades   | 2 3 |  3.0
Long Blades    | 2 3 |  3.0
Axes           | 2 3 |  3.0
Maces & Flails | 2 3 |  3.0
Polearms       | 2 3 |  3.0
Staves         | 2 3 |  3.0
Ranged Weapons | 2 3 |  3.0
Throwing       | 2 3 |  3.0
Armour         | 2 3 |  3.0
Dodging        | 5 |  5.5
Shields        | 2 3 |  3.0
Unarmed Combat | 2 3 |  3.0
Spellcasting   | 5 |  5.9
Conjurations   | 3 |  3.3
Hexes          | 2 |  2.4
Summonings     | 2 |  2.4
Necromancy     | 2 |  2.4
Translocations | 2 |  2.4
Transmutations | 2 |  2.4
Ice Magic      | 2 |  2.4
Air Magic      | 2 |  2.4
Earth Magic    | 2 |  2.4
Poison Magic   | 2 |  2.4
Invocations    | 2 3 |  3.3
Evocations     | 2 3 |  3.0
Stealth        | 5 |  5.2
Fire Magic     | 6 |  6.0

Action                     || total
---------------------------++-------
  Melee: Lance             ||     5
   Cast: Scorch            ||     9
  Evoke: Wand              ||     2
    Use: Potion            ||     2
 Armour: Robe              ||     2
  Dodge: Dodged            ||    18

Table legend: (Time is in decaauts)
 A = Elapsed time spent in this place.
 B = Non-inter-level travel time spent in this place.
 C = Inter-level travel time spent in this place.
 D = Time resting spent in this place.
 E = Time spent auto-exploring this place.
 F = Levels seen in this place.
 G = Mean time per level.
                   A        B        C        D        E       F      G
               +--------+--------+--------+--------+--------+-----+--------+
         Total |    437 |    436 |      1 |    237 |      0 |   1 |  437.0 |
       Dungeon |    437 |    436 |      1 |    237 |      0 |   1 |  437.0 |
               +--------+--------+--------+--------+--------+-----+--------+

Top non-repeatable levels by time:
       D: 437 daAuts
